 Dungeon Crawl Stone Soup version 0.29-a0-557-g43b9904bd1 (webtiles) character file.

Game seed: 13504066744810783488

334267 dolemite99 the Fruitful (level 21, -27/195 (198) HPs)
             Began as a Hill Orc Fighter on June 9, 2022.
             Was a Priest of Fedhas.
             Killed by an exploding ballistomycete spore (47 damage)
             ... set off by their pet
             ... on level 3 of the Elven Halls.
             The game lasted 02:01:32 (80593 turns).

dolemite99 the Fruitful (Hill Orc Fighter)         Turns: 80593, Time: 02:01:33

HP:   -27/195 (198) AC: 34    Str: 30    XL:     21   Next: 83%
MP:   26/36         EV: 10    Int: 10    God:    Fedhas [***...]
Gold: 600           SH:  0    Dex: 10    Spells: 20/20 levels left

rFire   + . .      SeeInvis .   b - +2 demon trident (vamp)
rCold   + . .      Faith    .   T - +0 kite shield
rNeg    . . .      Spirit   .   W - +7 plate armour {rC+}
rPois   .          Reflect  +   K - +2 hat {Stlth+}
rElec   .          Harm     .   l - +2 cloak of Shadows and Fog {Contam Will+ Int+2}
rCorr   .          Rampage  .   (no gloves)
Will    ++...                   C - +2 pair of boots
Stlth   ..........              k - amulet of reflection
HPRegen 0.42/turn               u - ring of protection from fire
MPRegen 0.25/turn               c - +4 ring of protection {=R}

@: confused, lightly drained
A: deformed body
}: 2/15 runes: decaying, serpentine
a: Renounce Religion, Wall of Briars, Grow Ballistomycete


You were on level 3 of the Elven Halls.
You worshipped Fedhas.
Fedhas was most pleased with you.
You visited 7 branches of the dungeon, and saw 38 of its levels.
You visited the Abyss 1 time.
You also visited: Ossuary.

You collected 4399 gold pieces.
You spent 3799 gold pieces at shops.

Inventory:

Hand Weapons
 a - a +5 broad axe of draining
 b - a +2 vampiric demon trident (weapon)
 m - a +2 sacred scourge of holy wrath
 w - the +3 war axe "Toannuin" {vamp, rF++}
   (You found it on level 12 of the Dungeon)

   It occasionally heals its wielder for a portion of the damage dealt when it
   wounds a living foe.
   rF:        It greatly protects you from fire.
Missiles
 A - a curare-tipped dart
 L - 3 silver javelins (quivered)
 N - 10 atropa-tipped darts
 V - 8 boomerangs
 Y - 4 javelins
Armour
 i - the +4 chain mail of Hedonism {rF++ Str+6 Dex-2 Slay+3}
   (You bought it in a shop on level 14 of the Dungeon)

   Str:       It affects your strength (+6).
   Dex:       It affects your dexterity (-2).
   Slay:      It affects your accuracy & damage with ranged weapons and melee
   (+3).
   rF:        It greatly protects you from fire.
 l - the +2 cloak of Shadows and Fog (worn) {Contam Will+ Int+2}
   (You bought it in a shop on level 2 of the Orcish Mines)

   Int:       It affects your intelligence (+2).
   Contam:    It causes magical contamination when unequipped.
   Will:      It increases your willpower.
 C - a +2 pair of boots (worn)
 K - a +2 hat of stealth (worn)
 T - a +0 kite shield (worn)
 W - a +7 plate armour of cold resistance (worn)
Magical Staves
 S - a staff of air
Jewellery
 c - a +4 ring of protection (right hand) {=R}
 h - a ring of see invisible
 k - an amulet of reflection (around neck)
 s - a ring of resist corrosion
 u - a ring of protection from fire (left hand)
Wands
 q - a wand of flame (42)
 D - a wand of charming (4)
 J - a wand of paralysis (13)
 R - a wand of mindburst (6)
 U - a wand of iceblast (8)
 Z - a wand of digging (19)
Scrolls
 e - 29 scrolls of identify {@r1}
 n - 3 scrolls of poison
 r - 10 scrolls of teleportation
 B - a scroll of magic mapping
 Q - 4 scrolls of vulnerability
 X - 5 scrolls of silence
Potions
 d - 2 potions of might
 o - 2 potions of cancellation
 p - 2 potions of curing
 t - 4 potions of flight
 v - 4 potions of ambrosia
 x - a potion of berserk rage
 z - 2 potions of haste
 E - 9 potions of brilliance
 G - 7 potions of attraction
 I - 4 potions of lignification
 O - 3 potions of magic
Miscellaneous
 g - a box of beasts (inert)
 F - a tin of tremorstones (1/2)
 H - a phantom mirror (inert)
 P - a lightning rod (3/4)


   Skills:
 - Level 19.2 Fighting
 - Level 18.0(19.4) Axes
 - Level 10.7(14.3) Maces & Flails
 - Level 6.6 Throwing
 - Level 19.7 Armour
 + Level 7.5 Dodging
 - Level 14.9 Shields
 - Level 23.3 Invocations
 - Level 12.7 Evocations


You had 20 spell levels left.
You didn't know any spells.
Your spell library contained the following spells:

 Spells                   Type           Power      Damage    Failure   Level
 Beastly Appendage        Tmut           0%         N/A       95%         1
 Foxfire                  Conj/Fire      0%         2x1d4     95%         1
 Freeze                   Ice            0%         1d3       95%         1
 Necrotize                Necr           0%         1d4       95%         1
 Sandblast                Erth           0%         2d4       95%         1
 Shock                    Conj/Air       0%         1d3       95%         1
 Slow                     Hex            0%         N/A       95%         1
 Summon Small Mammal      Summ           0%         N/A       95%         1
 Blink                    Tloc           0%         N/A       99%         2
 Passwall                 Tmut/Erth      0%         N/A       99%         2
 Poisonous Vapours        Pois/Air       0%         N/A       99%         2
 Scorch                   Fire           0%         2d5       99%         2
 Static Discharge         Conj/Air       0%         N/A       99%         2
 Sublimation of Blood     Necr           0%         N/A       99%         2
 Wereblood                Tmut           0%         N/A       99%         2
 Call Canine Familiar     Summ           0%         N/A       100%        3
 Confusing Touch          Hex            0%         N/A       100%        3
 Conjure Flame            Conj/Fire      0%         6-21      100%        3
 Gell's Gravitas          Tloc           0%         N/A       100%        3
 Ignite Poison            Fire/Tmut/Pois 0%         N/A       100%        3
 Inner Flame              Hex/Fire       0%         N/A       100%        3
 Mephitic Cloud           Conj/Pois/Air  0%         N/A       100%        3
 Ozocubu's Armour         Ice            0%         N/A       100%        3
 Portal Projectile        Hex/Tloc       0%         N/A       100%        3
 Spider Form              Tmut/Pois      0%         N/A       100%        3
 Stone Arrow              Conj/Erth      0%         3d7       100%        3
 Summon Guardian Golem    Hex/Summ       0%         N/A       100%        3
 Teleport Other           Tloc           0%         N/A       100%        3
 Tukima's Dance           Hex            0%         N/A       100%        3
 Vampiric Draining        Necr           0%         2d6       100%        3
 Airstrike                Air            0%         N/A       100%        4
 Animate Armour           Summ/Erth      0%         N/A       100%        4
 Animate Dead             Necr           0%         N/A       100%        4
 Cause Fear               Hex            0%         N/A       100%        4
 Flame Wave               Conj/Fire      0%         2d4       100%        4
 Petrify                  Tmut/Erth      0%         N/A       100%        4
 Sticky Flame             Conj/Fire      0%         2d3       100%        4
 Summon Lightning Spire   Summ/Air       0%         N/A       100%        4
 Blade Hands              Tmut           0%         N/A       100%        5
 Borgnjor's Vile Clutch   Necr/Erth      0%         N/A       100%        5
 Fireball                 Conj/Fire      0%         3d3       100%        5
 Freezing Cloud           Conj/Ice/Air   0%         6-21      100%        5
 Irradiate                Conj/Tmut      0%         3d13      100%        5
 Lightning Bolt           Conj/Air       0%         1d11      100%        5
 Manifold Assault         Tloc           0%         N/A       100%        5
 Death Channel            Necr           0%         N/A       100%        6
 Dispersal                Tloc           0%         N/A       100%        6
 Iron Shot                Conj/Erth      0%         9d1       100%        6
 Simulacrum               Ice/Necr       0%         N/A       100%        6
 Starburst                Conj/Fire      0%         6d3       100%        6
 Summon Cactus Giant      Summ           0%         N/A       100%        6
 Dragon Form              Tmut           0%         N/A       100%        7
 Orb of Destruction       Conj           0%         9d5       100%        7
 Ozocubu's Refrigeration  Ice            0%         4d5       100%        7
 Spellforged Servitor     Conj/Summ      0%         N/A       100%        7
 Storm Form               Tmut/Air       0%         N/A       100%        7
 Ignition                 Fire           0%         3d3       100%        8
 Lehudib's Crystal Spear  Conj/Erth      0%         10d2      100%        8
 Maxwell's Capacitive Co  Air            0%         ∞         100%        8
 Dragon's Call            Summ           0%         N/A       100%        9
 Polar Vortex             Ice            0%         N/A       100%        9


Dungeon Overview and Level Annotations

Branches:
Dungeon (15/15)            Temple (0/1) D:4            Lair (6/6) D:9
  Swamp (4/4) Lair:3        Snake (4/4) Lair:4        Slime (0/5) Lair:5
    Orc (2/2) D:10            Elf (3/3) Orc:2        Vaults (4/5) D:13
  Crypt (0/3) Vaults:2     Depths (0/4) D:15        Ossuary (visited)

Altars:
Cheibriados
Elyvilon
Fedhas
Gozag
Kikubaaqudgha
Nemelex Xobeh
Sif Muna
Trog
Xom
Yredelemnul
Zin
The Shining One
Beogh

Shops:
D:2 *   D:3 *   D:5 [**!   D:7 :   D:13 [   D:14 [*   Orc:2 [?(?   Elf:1 *([([
Elf:3 ?   Snake:1 =:=   Snake:3 *(([:

Annotations:
D:2 1 runed translucent door, Crazy Yiuf
Lair:6 1 runed translucent door
Swamp:1 Roxanne
Swamp:4 2 transporters, Deodd's ghost, adept GrFi
Elf:1 4 runed translucent doors
Elf:2 3 runed translucent doors
Vaults:3 Xtahua


Innate Abilities, Weirdness & Mutations

Armour fits poorly on your strangely shaped body.


Message History

You feel better.
The deep elf annihilator barely misses you.
You feel better.
The deep elf annihilator hits you but does no damage. x2
Okay, then.
A briar patch grows up from the ground. x2
The deep elf annihilator casts a spell.
The deep elf annihilator blinks!
The deep elf annihilator hits you but does no damage.
Aiming: Overgrow
Press: ? - help, Dir - move target, p - deep elf annihilator The rock wall is torn apart as a burning bush grows in its place.
The rock wall is torn apart as a ballistomycete grows in its place. x2
The rock wall is torn apart as a wandering mushroom grows in its place.
You can no longer transform dungeon walls and trees into plant allies.
The deep elf annihilator closely misses you.
You walk carefully through the fungus.
The deep elf annihilator points at you and mumbles some strange words.
The bolt of lightning hits you!!
* * * LOW HITPOINT WARNING * * *
The bolt of lightning hits your ballistomycete!!
The bolt of lightning hits you!!!
* * * LOW HITPOINT WARNING * * *
The bolt of lightning hits your ballistomycete!!
The bolt of lightning hits the deep elf annihilator!!
Your burning bush throws fire at the deep elf annihilator.
Fedhas protects a plant from harm.
The puff of flame hits the deep elf annihilator!!
The deep elf annihilator dies!
Fedhas appreciates your contribution to the ecosystem.
You feel better.
The deep elf annihilator hits your ballistomycete with a +0 long sword! 2 ballistomycete spores come into view.
You feel better.
The deep elf annihilator hits your ballistomycete with a +0 long sword!
Your ballistomycete spore explodes!
The explosion of spores engulfs you!!!
You are confused.
You die...
Fedhas appreciates your contribution to the ecosystem.

#.# # #######.# # #....(..# #
#.###.### # #.###§§(# #
#.##§§§§# # #.##P*§§# #
###P§e§§# #@PP#§# ###f#.#
##.#* *** **.e.** **,**
**,...,** * **,,,**
**,.....,** ** *,,,,,**
**,,.....,,** **, **,,,,,**
**,,.......,,** **,,
**,,,,,***,,,,,,*,,,,,,***,,,


You could see a deep elf annihilator (ally target), a friendly wandering
mushroom (summoned), a friendly burning bush (summoned), 2 friendly
ballistomycetes and a friendly ballistomycete spore.

Vanquished Creatures
  Mennas (Vaults:4)
  Nikola (Snake:3)
  Rupert (Lair:3)
  Mlioglotl (Swamp:1)
  Asterion (Vaults:1)
  Gastronok (Lair:3)
  Donald (Swamp:2)
  7 nagarajas
  3 deep elf sorcerers (Elf:3)
  Louise (Swamp:2)
  3 orc warlords
  Aizul (Snake:3)
  6 vault wardens
  2 angels (Vaults:1)
  4 deep elf elementalists
  10 ironbound preservers
  11 very ugly things
  2 stone giants
  9 ironbound thunderhulks
  A deep elf demonologist (Elf:2)
  Nessos (D:12)
  3 eleionomae (Swamp:2)
  2 deep elf annihilators (Elf:3)
  3 entropy weavers
  6 bunyips
  Snorg (D:12)
  8 dire elephants
  3 deep elf death magi
  2 ettins
  A crystal guardian (Vaults:2)
  3 deep elf high priests (Elf:3)
  A fire dragon (Lair:6)
  Josephine (D:15)
  4 great orbs of eyes
  3 vault guards
  A peacekeeper (Vaults:2)
  10 yaktaur captains
  8 salamander tyrants
  2 ghost crabs (Swamp:3)
  23 hydras
  7 anacondas
  6 boulder beetles
  3 ironbound frosthearts
  9 centaur warriors
  3 alligators (Swamp:1)
  11 dancing weapons
  8 two-headed ogres
  12 death yaks
  9 naga warriors
  4 orc high priests (Orc:2)
  2 tengu warriors (D:15)
  6 shock serpents
  A thrashing horror (Abyss:2)
  A spriggan berserker (Swamp:4)
  14 naga sharpshooters
  Urug (Lair:2)
  4 deep elf knights
  5 salamander mystics
  18 spriggans
  Amaemon (Lair:2)
  7 goliath frogs
  40 deep trolls
  A death drake (Swamp:4)
  6 spriggan druids
  7 naga ritualists
  5 wizards
  2 bog bodies
  15 lindwurms
  9 swamp dragons
  8 large abominations
  22 deep elf pyromancers
  2 necromancers
  17 ironbound convokers
  5 deep elf archers
  5 harpies (Vaults:2)
  10 orc knights
  6 mana vipers
  13 deep elf zephyrmancers
  6 orc sorcerers
  A faun (D:12)
  22 ugly things
  2 will-o-the-wisps
  16 salamanders
  8 cyclopes
  3 manticores
  26 elephants
  An elephant (shapeshifter) (Vaults:2)
  A human skeleton (Vaults:4)
  4 guardian serpents
  20 black mambas
  17 naga magi
  10 vault sentinels
  3 gargoyles (D:12)
  6 torpor snails (Lair:6)
  5 cane toads
  2 orange demons
  26 yaktaurs
  Maggie (D:10)
  An unseen horror (D:12)
  A yaktaur zombie (Vaults:4)
  A kobold demonologist (D:12)
  An unseen horror zombie (D:9)
  7 komodo dragons
  A freezing wraith (D:15)
  4 rime drakes
  An efreet (D:15)
  2 polar bears
  3 meliai (Lair:5)
  10 tyrant leeches
  7 trolls
  2 bloated husks
  A queen bee (Lair:5)
  2 queen bees (shapeshifter)
  28 hornets
  2 tarantellas (Vaults:2)
  27 slime creatures
  A wind drake (shapeshifter) (Abyss:2)
  4 blink frogs (Lair:6)
  A culicivora (Vaults:2)
  A ynoxinul (Abyss:2)
  2 shadows
  2 air elementals
  5 wraiths
  A vampire (D:13)
  3 water elementals
  19 humans (D:13)
  6 wyverns
  A fire bat (shapeshifter) (Abyss:2)
  50 yaks
  2 fire elementals (Elf:2)
  15 basilisks
  4 redbacks
  4 steam dragons
  A human simulacrum (Vaults:1)
  9 vampire mosquitoes
  A neqoxec (Abyss:2)
  2 wargs
  30 nagas
  An acid dragon (Lair:6)
  12 swamp worms
  25 water moccasins
  51 orc warriors
  9 swamp drakes
  4 ice beasts
  2 sky beasts
  9 black bears
  15 wolves
  10 ogres
  12 centaurs
  3 elf zombies (Elf:1)
  2 kobold brigands
  15 bullfrogs
  A scorpion (Lair:3)
  A two-headed ogre simulacrum (D:11)
  8 necrophages
  3 earth elementals (Elf:2)
  A gnoll sergeant (D:7)
  3 water moccasin zombies (Ossuary)
  2 wights (D:9)
  44 killer bees
  4 electric eels
  4 howler monkeys
  2 centaur zombies (D:9)
  3 human zombies
  4 hounds
  4 jellies
  28 orc priests
  A gnoll shaman (D:9)
  4 iguanas
  Ijyb (D:3)
  Terence (D:3)
  13 orc wizards
  7 hell rats
  A spriggan simulacrum (D:11)
  3 mummies
  A howler monkey zombie (D:9)
  9 gnolls
  6 adders
  A shadow imp (D:5)
  A white imp (Abyss:2)
  3 adder zombies (Ossuary)
  A worm (D:2)
  3 dart slugs
  94 orcs
  9 endoplasms
  3 giant cockroaches (D:1)
  2 goblins
  5 hobgoblins
  11 jackals (D:1)
  10 kobolds
  2 quokkas
  3 ball pythons
  2 bats (D:1)
  4 frilled lizards
  A hobgoblin zombie (Ossuary)
  9 kobold zombies (Ossuary)
  5 orc zombies (Ossuary)
  A rat (D:3)
  9 ballistomycete spores
  A starspawn tentacle (Swamp:1)
1412 creatures vanquished.

Vanquished Creatures (collateral kills)
  Saint Roka (Vaults:1)
  A deep elf elementalist (Elf:3)
  5 very ugly things
  A deep elf annihilator (Elf:3)
  A yaktaur captain (Vaults:1)
  A boulder beetle (Vaults:2)
  3 hydras
  Erolcha (Orc:2)
  3 deep trolls
  A mana viper (Snake:2)
  An ugly thing (Vaults:3)
  5 black mambas
  A salamander (Snake:2)
  A vault sentinel (Vaults:2)
  A naga mage (Snake:2)
  A cane toad (Lair:5)
  A yaktaur (Vaults:2)
  A troll (Vaults:1)
  A tyrant leech (Swamp:1)
  A human (D:13)
  A water elemental (Elf:3)
  2 yaks (Lair:6)
  2 swamp worms
  3 nagas
  A warg (Orc:2)
  3 orc warriors
  An orc priest (Orc:2)
  An orc wizard (Orc:1)
  An adder (D:2)
  4 orcs
  A hobgoblin (D:2)
  355 ballistomycete spores
407 creatures vanquished.

Vanquished Creatures (others)
  A deep elf sorcerer (Elf:3)
  An eleionoma (Swamp:1)
  A shambling mangrove (Swamp:4)
  An anaconda (Snake:4)
  An alligator (Swamp:4)
  A deep elf knight (Elf:3)
  A spriggan druid (Swamp:2)
  3 deep elf pyromancers
  A deep elf zephyrmancer (Elf:2)
  A will-o-the-wisp (Swamp:3)
  3 black mambas
  3 bloated husks
  3 hornets (Swamp:4)
  An air elemental (Elf:2)
  A water elemental (Elf:2)
  4 golden eyes (Abyss:2)
  A naga (Snake:1)
  A swamp drake (Swamp:4)
  A spriggan simulacrum (D:11)
  29 ballistomycete spores
  2 bushes (Lair:6)
  33 foxfires
  50 fungi
  A lurking horror (Abyss:2)
  170 plants
  5 starspawn tentacles (Swamp:1)
320 creatures vanquished.

Grand Total: 2139 creatures vanquished

Notes
Turn   | Place    | Note
-------+----------+-------------------------------------------
     0 | D:1      | dolemite99 the Hill Orc Fighter began the quest for the
                  | Orb.
     0 | D:1      | Reached XP level 1. HP: 19/19 MP: 1/1
   326 | D:1      | Reached XP level 2. HP: 24/26 MP: 2/2
   409 | D:1      | Found a faded altar of an unknown god.
   440 | D:1      | Prayed at the altar of an unknown god.
   440 | D:1      | Became a worshipper of Fedhas Madash
   440 | D:1      | Reached * piety under Fedhas
   533 | D:1      | Reached XP level 3. HP: 31/31 MP: 3/3
   796 | D:1      | You fall into a shaft and drop 1 floor!
   823 | D:2      | Found a runed translucent door.
   824 | D:2      | Noticed Crazy Yiuf
  1420 | D:2      | Reached skill level 5 in Axes
  1509 | D:2      | Found Caukk's Assorted Antiques.
  1528 | D:2      | Bought a scroll labelled KYROCA DYOBLU for 25 gold pieces
  1544 | D:2      | Bought a scroll of teleportation for 75 gold pieces
  1544 | D:2      | Bought a scroll labelled COOVOGAOSEE for 25 gold pieces
  1551 | D:2      | Bought a puce potion for 22 gold pieces
  1974 | D:3      | Found Jiaba's Assorted Antiques.
  2006 | D:3      | Bought a scroll labelled BINORIGHOGUO for 23 gold pieces
  2148 | D:3      | Noticed Ijyb
  2169 | D:3      | Killed Ijyb
  2170 | D:3      | Reached XP level 4. HP: 19/39 MP: 4/4
  2788 | D:3      | Noticed Terence
  2797 | D:3      | Killed Terence
  2798 | D:3      | Reached XP level 5. HP: 22/45 MP: 5/5
  2945 | D:3      | Reached ** piety under Fedhas
  3248 | D:4      | Found a staircase to the Ecumenical Temple.
  3292 | D:4      | Noticed a water moccasin
  3297 | D:4      | Killed a water moccasin
  3298 | D:4      | Reached XP level 6. HP: 51/51 MP: 6/6
  4170 | D:5      | Entered Level 5 of the Dungeon
  4170 | D:5      | Found Vimp's General Store.
  4183 | D:5      | Bought a potion of curing for 36 gold pieces
  4410 | D:5      | Noticed an ice beast
  4416 | D:5      | Killed an ice beast
  4417 | D:5      | Reached XP level 7. HP: 48/57 MP: 7/7
  4481 | D:5      | Reached skill level 10 in Axes
  4570 | D:5      | Found Pesomaph's Antique Armour Emporium.
  4579 | D:5      | Bought a pair of boots for 72 gold pieces
  4958 | D:5      | Found Ufeukluf's Assorted Antiques.
  5455 | D:5      | Found Wogoeh's Distillery.
  5464 | D:5      | Bought a potion of might for 52 gold pieces
  5510 | D:5      | Reached XP level 8. HP: 61/64 MP: 8/8
  6039 | D:6      | Found a shimmering altar of Xom.
  6043 | D:6      | Found an opulent altar of Gozag.
  6139 | D:6      | Reached *** piety under Fedhas
  6179 | D:6      | Found a bloodstained altar of Trog.
  6179 | D:6      | Found a shimmering blue altar of Sif Muna.
  6181 | D:6      | Found a snail-covered altar of Cheibriados.
  6426 | D:6      | Found a sparkling altar of Nemelex Xobeh.
  6449 | D:6      | Reached skill level 1 in Invocations
  6510 | D:6      | Noticed a vampire
  6609 | D:6      | Reached skill level 2 in Invocations
  6625 | D:7      | Reached skill level 3 in Invocations
  6696 | D:7      | Noticed a hornet
  6702 | D:7      | Killed a hornet
  6703 | D:7      | Reached skill level 5 in Invocations
  6825 | D:7      | Found a sand-covered staircase.
  6845 | Ossuary  | Entered an ossuary
  6903 | Ossuary  | Reached skill level 6 in Invocations
  7397 | D:7      | Reached skill level 7 in Invocations
  7438 | D:7      | Found Livis's Book Shoppe.
  7520 | D:7      | Identified a scroll of acquirement
  7520 | D:7      | Acquired a manual of Armour
  7529 | D:7      | Reached XP level 9. HP: 70/70 MP: 14/14
  7557 | D:7      | Reached **** piety under Fedhas
  7558 | D:7      | Reached skill level 5 in Armour
  8910 | D:8      | Found a glowing silver altar of Zin.
  9032 | D:8      | Reached skill level 10 in Armour
  9983 | D:8      | Found an opulent altar of Gozag.
 10277 | D:9      | Noticed a two-headed ogre
 10288 | D:9      | Reached XP level 10. HP: 76/77 MP: 7/15
 10293 | D:9      | Killed a two-headed ogre
 10297 | D:9      | Reached skill level 15 in Armour
 10567 | D:9      | Found a staircase to the Lair.
 10970 | D:9      | Reached skill level 8 in Invocations
 10981 | D:9      | Reached skill level 5 in Fighting
 11183 | D:9      | Reached skill level 9 in Invocations
 11387 | D:9      | Reached skill level 1 in Throwing
 11683 | D:9      | Reached XP level 11. HP: 89/89 MP: 17/17
 11703 | D:9      | Found a basalt altar of Yredelemnul.
 12010 | D:10     | Entered Level 10 of the Dungeon
 12024 | D:10     | Noticed a two-headed ogre
 12035 | D:10     | Killed a two-headed ogre
 12036 | D:10     | Reached skill level 5 in Throwing
 12343 | D:10     | Noticed Maggie
 12350 | D:10     | Killed Maggie
 13057 | D:10     | Found a staircase to the Orcish Mines.
 13658 | D:5      | Bought a scroll of fear for 59 gold pieces
 13658 | D:5      | Bought a scroll of teleportation for 51 gold pieces
 13658 | D:5      | Bought a golden potion for 15 gold pieces
 13658 | D:5      | Bought a scroll of enchant weapon for 127 gold pieces
 13658 | D:5      | Bought a scroll of magic mapping for 59 gold pieces
 13720 | Lair:1   | Entered Level 1 of the Lair of Beasts
 14432 | Lair:1   | Found a dark tunnel.
 14900 | Lair:2   | Noticed Amaemon
 14930 | Lair:2   | Killed Amaemon
 15296 | Lair:2   | Reached skill level 10 in Invocations
 15369 | Lair:2   | Noticed a five-headed hydra
 15376 | Lair:2   | Killed a five-headed hydra
 15438 | Lair:2   | Noticed Urug
 15447 | Lair:2   | Killed Urug
 15448 | Lair:2   | Reached XP level 12. HP: 101/101 MP: 10/19
 15945 | Lair:3   | Found a staircase to the Swamp.
 16056 | Lair:3   | Noticed Rupert
 16073 | Lair:3   | Killed Rupert
 16580 | Lair:3   | Identified the +0 scimitar of the Hugging Gods {flame,
                  | Int+5 Dex+3}
 16750 | Lair:3   | Noticed Gastronok
 16778 | Lair:3   | Killed Gastronok
 17400 | Lair:4   | Noticed a death yak
 17401 | Lair:4   | Noticed a death yak
 17402 | Lair:4   | Noticed a death yak
 17403 | Lair:4   | Noticed a death yak
 17405 | Lair:4   | Noticed a death yak
 17409 | Lair:4   | Killed a death yak
 17410 | Lair:4   | Reached skill level 10 in Fighting
 17425 | Lair:3   | Killed a death yak
 17433 | Lair:3   | Killed a death yak
 17807 | Lair:4   | Reached skill level 15 in Axes
 17807 | Lair:4   | Reached skill level 11 in Invocations
 17884 | Lair:3   | Killed a death yak
 18114 | Lair:4   | Noticed a seven-headed hydra
 18127 | Lair:4   | Killed a seven-headed hydra
 18129 | Lair:4   | Reached XP level 13. HP: 116/116 MP: 15/21
 18724 | Lair:4   | Found a staircase to the Snake Pit.
 18752 | Lair:4   | Reached skill level 12 in Invocations
 19673 | Lair:4   | Reached skill level 5 in Shields
 19854 | Lair:5   | Found a staircase to the Slime Pits.
 21349 | Lair:5   | Reached skill level 10 in Shields
 22280 | Lair:6   | Entered Level 6 of the Lair of Beasts
 22300 | Lair:5   | Reached XP level 14. HP: 110/126 MP: 20/23
 25141 | Lair:6   | Reached skill level 13 in Invocations
 25430 | Lair:6   | Paralysed by a hornet for 1 turns
 25799 | Lair:6   | Found a runed translucent door.
 27155 | Lair:6   | Reached XP level 15. HP: 136/136 MP: 18/25
 28090 | D:11     | Identified the +1 plate armour of Makhleb's Grace {rElec
                  | rPois Str-2}
 28387 | D:11     | Found a frozen archway.
 28697 | D:12     | Reached skill level 1 in Evocations
 29073 | D:12     | Noticed Nessos
 29081 | D:12     | Killed Nessos
 29095 | D:12     | Identified the +3 war axe "Toannuin" {vamp, rF++}
 29350 | D:12     | Noticed Snorg
 29358 | D:12     | Killed Snorg
 29894 | Orc:1    | Entered Level 1 of the Orcish Mines
 30039 | Orc:1    | Found a roughly hewn altar of Beogh.
 30264 | Orc:1    | Reached skill level 5 in Evocations
 30435 | Orc:2    | Entered Level 2 of the Orcish Mines
 30459 | Orc:2    | Noticed Erolcha
 30474 | Orc:2    | Killed Erolcha
 31627 | Orc:2    | Acquired 277 gold pieces
 31964 | Orc:2    | Found a staircase to the Elven Halls.
 32024 | Orc:2    | Found the +2 Maxwell's thermic engine {flame, freeze}
 32731 | Orc:2    | Noticed an orc warlord
 32763 | Orc:2    | Killed an orc warlord
 33201 | Orc:2    | Found a roughly hewn altar of Beogh.
 33350 | Orc:2    | Found Jupp's Antique Armour Boutique.
 33842 | Orc:2    | Found Suxkyopp's Magic Scroll Shop.
 34796 | Orc:2    | Found Foschenoq's Magic Scroll Emporium.
 34933 | Orc:2    | Found a roughly hewn altar of Beogh.
 34965 | Orc:2    | Reached skill level 14 in Invocations
 35010 | Orc:2    | Found Estrytria's Weapon Shoppe.
 35267 | Orc:2    | Bought a faintly glowing cloak for 266 gold pieces
 35267 | Orc:2    | Identified the +2 cloak of Shadows and Fog {Contam Will+
                  | Int+2} (You bought it in a shop on level 2 of the Orcish
                  | Mines)
 35280 | Orc:2    | Bought a pearl-encrusted plate armour for 784 gold pieces
 35280 | Orc:2    | Identified the +6 plate armour "Nun Sytu" {Int+2} (You
                  | bought it in a shop on level 2 of the Orcish Mines)
 35315 | Orc:2    | Bought a scroll of enchant armour for 120 gold pieces
 35315 | Orc:2    | Bought a scroll of enchant armour for 120 gold pieces
 35315 | Orc:2    | Bought a scroll of enchant armour for 120 gold pieces
 35315 | Orc:2    | Bought 3 scrolls of teleportation for 144 gold pieces
 35315 | Orc:2    | Bought a scroll of teleportation for 48 gold pieces
 35315 | Orc:2    | Bought a scroll of poison for 56 gold pieces
 35522 | D:5      | Bought a potion of might for 52 gold pieces
 37061 | D:13     | Found Ochenodgh's Armour Emporium.
 37176 | D:13     | Reached XP level 16. HP: 140/145 MP: 26/26
 37392 | D:13     | Found a gate to the Vaults.
 37797 | D:14     | Found Huit Loucw's General Store.
 37815 | D:14     | Bought a scroll of enchant weapon for 112 gold pieces
 37816 | D:14     | Bought a scroll of magic mapping for 52 gold pieces
 37816 | D:14     | Bought 2 potions of might for 120 gold pieces
 38082 | D:14     | Found Hiahumep's Antique Armour Boutique.
 38485 | D:15     | Entered Level 15 of the Dungeon
 38498 | D:15     | Noticed Josephine
 38503 | D:15     | Killed Josephine
 39855 | D:15     | Reached skill level 15 in Invocations
 41247 | D:15     | Found a staircase to the Depths.
 41653 | Snake:1  | Entered Level 1 of the Snake Pit
 42368 | Snake:1  | Identified the amulet "Unekhueg" {Faith rElec Will- Int+3}
 42613 | Snake:1  | Reached skill level 10 in Evocations
 43127 | Snake:1  | Found Fuecwock's Jewellery Shoppe.
 43128 | Snake:1  | Found Fiud's Book Boutique.
 43129 | Snake:1  | Found Puunoz Meeph's Jewellery Shoppe.
 44032 | Snake:2  | Reached skill level 16 in Invocations
 45027 | Snake:2  | Reached XP level 17. HP: 153/154 MP: 22/29
 45235 | Snake:2  | Reached skill level 17 in Invocations
 46384 | Snake:3  | Reached skill level 18 in Invocations
 46484 | Snake:3  | Noticed Aizul
 46499 | Snake:3  | Killed Aizul
 46635 | Snake:3  | Found Pexzos's Book Shop.
 47285 | Snake:3  | Found Gossiemn's Antique Weapon Shop.
 47749 | Snake:3  | Found Zuecef's Weapon Emporium.
 47782 | Snake:3  | Found Xepysi's Assorted Antiques.
 47922 | Snake:3  | Noticed Nikola
 47925 | Snake:3  | Found Osicvek's Antique Armour Boutique.
 47942 | Snake:3  | Killed Nikola
 48821 | Snake:4  | Entered Level 4 of the Snake Pit
 49208 | Snake:4  | Found a shimmering altar of Xom.
 49522 | Snake:4  | Reached skill level 15 in Fighting
 51029 | Snake:4  | Reached XP level 18. HP: 160/168 MP: 31/31
 51954 | Snake:4  | Got a serpentine rune of Zot
 52286 | Swamp:1  | Entered Level 1 of the Swamp
 52292 | Swamp:1  | Noticed Mlioglotl
 53082 | Vaults:1 | Entered Level 1 of the Vaults
 53607 | Vaults:1 | Noticed Asterion
 53637 | Vaults:1 | Killed Asterion
 54387 | Vaults:1 | Found a glowing golden altar of the Shining One.
 54388 | Vaults:1 | Found a glowing silver altar of Zin.
 54390 | Vaults:1 | Found a white marble altar of Elyvilon.
 55015 | Vaults:1 | Reached skill level 1 in Maces & Flails
 55536 | Vaults:1 | Reached skill level 5 in Maces & Flails
 55859 | Vaults:1 | Noticed Saint Roka
 55882 | Vaults:1 | Killed Saint Roka
 57349 | Vaults:2 | Reached XP level 19. HP: 163/182 MP: 21/32
 57466 | Vaults:2 | Reached skill level 10 in Maces & Flails
 58792 | Vaults:2 | Reached skill level 19 in Invocations
 59651 | Vaults:2 | Found a staircase to the Crypt.
 59651 | Vaults:2 | Found a basalt altar of Yredelemnul.
 59651 | Vaults:2 | Found an ancient bone altar of Kikubaaqudgha.
 61373 | Vaults:3 | Reached skill level 20 in Invocations
 61594 | Vaults:3 | Noticed Xtahua
 61646 | Vaults:3 | Reached XP level 20. HP: 67/191 MP: 25/34
 62693 | Elf:1    | Entered Level 1 of the Elven Halls
 62693 | Elf:1    | Found a runed translucent gate.
 62693 | Elf:1    | Found a runed translucent gate.
 62693 | Elf:1    | Found a runed translucent gate.
 62693 | Elf:1    | Found a runed translucent gate.
 62693 | Elf:1    | Found a runed translucent gate.
 62693 | Elf:1    | Found a runed translucent gate.
 62799 | Elf:1    | Found a runed translucent door.
 62818 | Elf:1    | Found Wuronuw's Armour Shop.
 63155 | Elf:1    | Found Dewawure's Antique Weapon Emporium.
 63195 | Elf:1    | Identified the +2 great sword "Miufach" {drain, Int+2}
 63213 | Elf:1    | Found Qofes's Armour Emporium.
 63524 | Elf:1    | Found Muommes's Antique Weapon Emporium.
 63599 | Elf:1    | Found a runed translucent door.
 63854 | Elf:1    | Got the Volume of Darkness
 63942 | Elf:1    | Found Tady's General Store.
 63945 | Elf:1    | Bought a scroll of teleportation for 45 gold pieces
 63945 | Elf:1    | Bought 20 stones for 30 gold pieces
 63945 | Elf:1    | Bought a wand of acid (5) for 270 gold pieces
 64911 | Snake:1  | Bought a ring of protection from fire for 325 gold pieces
 65646 | Elf:2    | Paralysed by an air elemental for 1 turns
 65651 | Elf:2    | Paralysed by an air elemental for 1 turns
 65654 | Elf:2    | Reached skill level 21 in Invocations
 65736 | Elf:2    | Found a runed translucent gate.
 65744 | Elf:2    | Found a runed translucent gate.
 65744 | Elf:2    | Found a runed translucent gate.
 66385 | Elf:2    | Got the Almanac of Lightness
 66392 | Elf:2    | Got the Papyrus of Earth
 66403 | Elf:2    | Got the Compendium of Ice
 66410 | Elf:2    | Got the Catalogue of the Arsonist
 67715 | Swamp:1  | Killed Mlioglotl
 68294 | Swamp:1  | Identified Roxanne's Volume of Changing
 68294 | Swamp:1  | Noticed Roxanne
 68752 | Swamp:2  | Reached skill level 22 in Invocations
 68754 | Swamp:2  | Noticed Louise
 68773 | Swamp:2  | Killed Louise
 68863 | Swamp:2  | Noticed Donald
 68875 | Swamp:2  | Killed Donald
 71262 | Swamp:4  | Entered Level 4 of the Swamp
 71638 | Swamp:4  | Found a transporter.
 71645 | Swamp:4  | Noticed Deodd's ghost (adept GrFi)
 71755 | Swamp:4  | Found a transporter.
 72067 | Swamp:4  | Reached XP level 21. HP: 80/198 MP: 36/36
 72884 | Swamp:4  | Reached skill level 23 in Invocations
 73234 | Swamp:4  | Got a decaying rune of Zot
 73744 | D:14     | Bought a citrine-encrusted chain mail for 323 gold pieces
 73744 | D:14     | Identified the +4 chain mail of Hedonism {rF++ Str+6 Dex-2
                  | Slay+3} (You bought it in a shop on level 14 of the
                  | Dungeon)
 74604 | Vaults:4 | Reached skill level 1 in Dodging
 74686 | Vaults:4 | Noticed Mennas
 74694 | Vaults:4 | Killed Mennas
 75557 | Vaults:4 | Reached skill level 5 in Dodging
 77240 | Elf:3    | Entered Level 3 of the Elven Halls
 78223 | Elf:3    | Found Zoniomm's Magic Scroll Emporium.
 78231 | Elf:3    | Bought a scroll of teleportation for 57 gold pieces
 78231 | Elf:3    | Bought a scroll of teleportation for 57 gold pieces
 78231 | Elf:3    | Bought a scroll of teleportation for 57 gold pieces
 78456 | Elf:3    | Paralysed by an air elemental for 1 turns
 78460 | Elf:3    | Paralysed by an air elemental for 1 turns
 78466 | Elf:3    | Paralysed by an air elemental for 1 turns
 78470 | Elf:3    | Paralysed by an air elemental for 1 turns
 79012 | Elf:3    | Cast into level 2 of the Abyss (a deep elf sorcerer)
 79035 | Abyss:2  | Found an ornate altar of the Wu Jian Council.
 79181 | Abyss:2  | Gained mutation: Armour fits poorly on your strangely
                  | shaped body. [a neqoxec]
 79233 | Elf:3    | Escaped the Abyss
 80591 | Elf:3    | HP: 5/195 [deep elf annihilator/bolt of lightning (36)]
 80593 | Elf:3    | Killed by an exploding ballistomycete spore... set off by
                  | their pet

Illustrated notes

Levels and vault maps discovered:
D:1:      dpeg_arrival_pond, layout_basic, hellmonk_ecumenical_altar_dog_temple,
          hangedman_decor_slide_cut
D:2:      layout_loops_ring, serial_shops, shop_coins, uniq_crazy_yiuf_cottage
D:3:      layout_rooms, serial_shops, nicolae_shop_overgrown_old_shop,
          kennysheep_generic_room_11, uniq_terence, uniq_ijyb
D:4:      layout_gridville, temple_green
D:5:      layout_basic, serial_shops, nicolae_lakefront_shop,
          nicolae_shop_hallway_stairs, nicolae_stop_n_shop_1,
          nicolae_square_shop
D:6:      layout_loops_ring, mainiacjoe_overflow_catwalk,
          grunt_temple_overflow_open, nicolae_overflow_quartered_altars,
          minmay_manual_mullet
D:7:      layout_loops_cross, serial_shops, nicolae_shop_hallway_stairs,
          enter_ossuary_3
D:8:      layout_loops_corners, mainiacjoe_overflow_alcove_4,
          kennysheep_flooded_box
D:9:      layout_irregular_city, lemuel_mausoleum_altar_yredelemnul,
          minmay_lair_entry_grove
D:10:     layout_basic, david_orc_2, uniq_maggie
D:11:     layout_rooms, portal_ice_cave_entry_ice_simulacra
D:12:     layout_long_grid, centaur_isle, uniq_nessos, uniq_snorg
D:13:     layout_cave_pools, grunt_vaults_entry_tiered, serial_shops,
          shop_statue, grunt_ministairs_6
D:14:     layout_roguey, serial_shops, shop,
          nicolae_shop_competitors_out_of_business
D:15:     grunt_enter_depths_snipers, layout_rooms, columned_hall_lemuel,
          hellmonk_guarded_unrand_dark_maul, uniq_josephine
Lair:1:   layout_regular_city, lightli_volcano_entry_magma_tube,
          hangedman_lair_unloving_vines, lemuel_fruit_tree
Lair:2:   layout_loops_ring, beast_lair_carwin_7, uniq_amaemon, uniq_urug
Lair:3:   layout_cave_pods, swamp_mist, infiniplex_staircase_pool,
          uniq_gastronok, uniq_rupert
Lair:4:   layout_regular_city, minmay_snake_entry_six_corridors,
          mumra_transporter_accident
Lair:5:   hangedman_what_comes_after_a, layout_hall_layers, slime_dummy,
          gauntlet_entry_generic
Lair:6:   guppyfry_lair_end_dragon, layout_cave_pods, wormcave, minivault_27,
          nicolae_lair_grazing_beasts [nicolae_sub_lair_graze_edge,
          nicolae_sub_lair_graze_edge, nicolae_sub_lair_graze_edge,
          nicolae_sub_lair_graze_edge], grunt_megastairs_2
Swamp:1:  layout_falls_marsh, serial_swamp_ruin, evilmike_swamp_ruin_house_3,
          evilmike_swamp_ruin_house_4, evilmike_swamp_ruin_house_6,
          uniq_mlioglotl, uniq_roxanne
Swamp:2:  layout_basic_swamp, evilmike_swamp_ruin_rubble_2, uniq_louise,
          uniq_donald
Swamp:3:  layout_basic_swamp, evilmike_swamp_ruin_house_1, swamp_pool5,
          nicolae_swamp_well_well_well
Swamp:4:  swamp, layout_basic_swamp, gammafunk_ghost_mausoleum
Snake:1:  layout_chambers, minmay_shop_grove
Snake:2:  layout_chambers, serial_bayou_pond_b, drop_trap
Snake:3:  layout_basic, serial_shops, nicolae_shop_advertising_works
          [nicolae_subvault_shop_adworks], nicolae_square_shop, shop,
          nicolae_shop_behind_doors, nicolae_shop_behind_doors,
          serial_bayou_pond_d, nicolae_snake_boneroom, uniq_nikola, uniq_aizul
Snake:4:  johnstein_snake_rune_scales, layout_layer_cave, basic_altar,
          grunt_megastairs_3
Orc:1:    layout_caves, basic_altar
Orc:2:    pubby_orc_utopia, uniq_erolcha
Elf:1:    nicolae_elf_arrival_dilemma, layout_geoelf_octagon, serial_shops,
          nicolae_shop_hallway_stairs, nicolae_diamond_shop, nicolae_shop_stone,
          nicolae_square_shop, nicolae_shop_window_shopping,
          minmay_elf_necromancy
Elf:2:    nicolae_elf_blades_splatter_lattice [nicolae_blade_tridents],
          layout_geoelf_grid, grunt_ministairs_2, nicolae_elf_elemental_lessons
Elf:3:    minmay_elf_hall_four_x, layout_gridlike, serial_shops, shop,
          grunt_megastairs_4
Vaults:1: portal_desolation_entry_holy_temple,
          vaults_standard_mumra_enter_the_diamond, grunt_vaults_bifocal,
          nicolae_vaults_diagonal_hallway_9, nicolae_vaults_little_squares_5,
          v_misc_15, v_misc_3, ontoclasm_vaults_eye,
          nicolae_vaults_angled_halls, nicolae_vaults_little_squares_2,
          v_pattern_4, v_misc_11, vaults_dpeg_encased_lava, serial_ice_g,
          nicolae_vaults_little_squares_6, layout_vaults_omnicross,
          uniq_asterion, uniq_saint_roka
Vaults:2: mu_enter_wizlab_2, v_rooms_6, vaults_room_pools,
          nicolae_vaults_triangles, nicolae_vaults_little_squares_1,
          vaults_room_octagon, st_diamondy, ontoclasm_vaults_ring_square,
          v_misc_28, nicolae_vaults_what_the_h, dpeg_vaults_monster_box,
          hangedman_vaults_variations, minmay_crypt_entry_necro_gods,
          layout_vaults_omnibox, serial_shops, bzr_entry_lakeside
Vaults:3: v_misc_27, v_misc_1, layout_vaults_omnigrid, uniq_xtahua
Vaults:4: grunt_vaults_hallway_long, nicolae_vaults_network_barrier,
          nicolae_vaults_ninety_degrees, nicolae_vaults_little_squares_3,
          vaults_standard_mumra_enter_the_diamond, nicolae_vaults_circle_grid_a,
          vaults_room_large_hall, nicolae_vaults_specimen_jars,
          nicolae_vaults_circle_grid_b, vaults_room_fancy_cross,
          nicolae_vaults_network_square, nicolae_vaults_asterisk,
          layout_vaults_big_room, uniq_mennas

Skill      XL: |  1  2  3  4  5  6  7  8  9 10 11 12 13 14 15 16 17 18 19 20 21 |
---------------+----------------------------------------------------------------+-----
Axes           | 3 4 6 8 9 11 12 14 15 16 18 | 18.0
Invocations    | 7 9 10 11 12 13 14 16 18 20 22 23 | 23.3
Armour         | 4 13 15 17 19 | 19.7
Fighting       | 6 7 11 12 13 14 16 19 | 19.2
Throwing       | 3 6 |  6.6
Shields        | 4 11 14 | 14.9
Evocations     | 8 10 12 | 12.7
Maces & Flails | 9 10 | 10.7
Dodging        | 7 |  7.5

Action                   |  1- 3 |  4- 6 |  7- 9 | 10-12 | 13-15 | 16-18 | 19-21 || total
-------------------------+-------+-------+-------+-------+-------+-------+-------++-------
Melee: War axe           |    95 |    87 |   286 |   366 |   905 |       |     4 ||  1743
       Broad axe         |       |       |       |       |    79 |   904 |   913 ||  1896
       Demon trident     |       |       |       |       |       |       |   406 ||   406
       Sacred scourge    |       |       |       |       |       |       |    16 ||    16
Throw: Dart              |     2 |     1 |    29 |       |   188 |   170 |    83 ||   473
       Boomerang         |       |       |    10 |    96 |   203 |       |     3 ||   312
       Stone             |       |       |       |       |    27 |       |       ||    27
       Javelin           |       |       |       |       |    15 |    69 |    95 ||   179
       Throwing net      |       |       |       |       |       |     1 |     1 ||     2
Invok: Grow Ballistomyce |       |       |     3 |    14 |    39 |    25 |    28 ||   109
       Wall of Briars    |       |       |       |     4 |    14 |    11 |    17 ||    46
       Overgrow          |       |       |       |       |     2 |     4 |     3 ||     9
Evoke: Wand              |       |       |     5 |    11 |    33 |    36 |    35 ||   120
       Lightning rod     |       |       |       |       |       |    16 |    23 ||    39
       Tin of tremorston |       |       |       |       |       |    11 |    15 ||    26
       Phantom mirror    |       |       |       |       |       |     4 |     9 ||    13
       Box of beasts     |       |       |       |       |       |       |     2 ||     2
  Use: Scroll            |     8 |     3 |    16 |     8 |    19 |    10 |    30 ||    94
       Potion            |       |     2 |     2 |     5 |     8 |    13 |    22 ||    52
 Stab: Invisible         |       |       |     2 |       |     6 |     3 |       ||    11
       Confused          |       |       |       |     3 |     8 |     1 |     3 ||    15
       Paralysed         |       |       |       |       |     2 |       |     6 ||     8
       Distracted        |       |       |       |       |       |     1 |       ||     1
Armor: Scale mail        |    33 |     8 |       |       |       |       |       ||    41
       Chain mail        |       |    30 |    35 |       |       |       |       ||    65
       Plate armour      |       |       |    85 |   211 |   510 |   439 |   775 ||  2020
       Skin              |       |       |    35 |     9 |       |       |       ||    44
Dodge: Dodged            |    44 |    42 |    80 |   103 |   240 |   170 |   297 ||   976
Block: Buckler           |    35 |    12 |    60 |    85 |    15 |       |       ||   207
       Kite shield       |       |       |       |       |   593 |   740 |  1094 ||  2427
       Reflection        |       |       |       |       |    30 |   102 |    55 ||   187

Table legend: (Time is in decaauts)
 A = Elapsed time spent in this place.
 B = Non-inter-level travel time spent in this place.
 C = Inter-level travel time spent in this place.
 D = Time resting spent in this place.
 E = Time spent auto-exploring this place.
 F = Levels seen in this place.
 G = Mean time per level.
                   A        B        C        D        E       F      G
               +--------+--------+--------+--------+--------+-----+--------+
         Total |  80364 |  75165 |   5199 |  33241 |  28266 |  40 | 2009.1 |
       Dungeon |  22382 |  20276 |   2106 |   6958 |   9851 |  15 | 1492.1 |
          Lair |  15536 |  14296 |   1240 |   6610 |   5005 |   6 | 2589.3 |
         Swamp |   6002 |   5891 |    111 |   3011 |   1590 |   4 | 1500.5 |
     Snake Pit |  10625 |  10112 |    513 |   4776 |   3733 |   4 | 2656.2 |
  Orcish Mines |   5779 |   5252 |    527 |   2409 |   1657 |   2 | 2889.5 |
   Elven Halls |   6949 |   6699 |    250 |   3796 |   1787 |   3 | 2316.3 |
        Vaults |  12441 |  11991 |    450 |   5479 |   4406 |   4 | 3110.2 |
         Abyss |    215 |    215 |      0 |      0 |    120 |   1 |  215.0 |
       Ossuary |    432 |    432 |      0 |    200 |    114 |   1 |  432.0 |
               +--------+--------+--------+--------+--------+-----+--------+

Top non-repeatable levels by time:
  Lair:6: 5440 daAuts
   Orc:2: 5142 daAuts
Vaults:1: 4148 daAuts
Vaults:2: 3651 daAuts
 Snake:3: 3627 daAuts
   Elf:3: 3102 daAuts
Vaults:4: 2968 daAuts
 Snake:2: 2892 daAuts
  Lair:3: 2890 daAuts
     D:8: 2599 daAuts
 Snake:4: 2371 daAuts
  Lair:4: 2327 daAuts
  Lair:5: 2044 daAuts
   Elf:1: 2033 daAuts
    D:15: 1965 daAuts
